 Dungeon Crawl Stone Soup version 0.25-a0-42-g6c54e25894 (webtiles) character file.

Game seed: 2525550420956839335, levelgen mode: deterministic

939 GrandHerb the Grasshopper (level 8, -12/57 HPs)
             Began as a Gnoll Wanderer on Oct 23, 2019.
             Was a Believer of Nemelex Xobeh.
             Killed from afar by an orc wizard (13 damage)
             ... with a puff of frost
             ... on level 5 of the Dungeon.
             The game lasted 00:35:29 (4970 turns).

GrandHerb the Grasshopper (Gnoll Wanderer)          Turns: 4970, Time: 00:35:30

Health: -12/57     AC:  7    Str: 10 (12) XL:     8   Next: 12%
Magic:  16/16      EV: 10    Int: 12 (15) God:    Nemelex Xobeh [**....]
Gold:   432        SH:  0    Dex: 16 (19) Spells: 13/18 levels left

rFire    . . .     SeeInvis .   K - +2 long sword (protect)
rCold    . . .     Gourm    .   (no shield)
rNeg     . . .     Faith    .   u - +2 leather armour {MR+}
rPois    .         Spirit   .   r - +0 helmet
rElec    .         Reflect  .   (no cloak)
rCorr    .         Harm     .   (no gloves)
MR       +++..                  j - +0 pair of boots
Stlth    +.........             (no amulet)
HPRegen  0.19/turn              x - ring of protection from magic
MPRegen  0.15/turn              J - ring of protection from magic

@: very heavily drained
A: distributed training, fangs 1, strong nose
a: Draw Escape, Draw Destruction, Draw Summoning, Renounce Religion


You were on level 5 of the Dungeon.
You worshipped Nemelex Xobeh.
Nemelex Xobeh was pleased with you.
You were not hungry.

You visited 1 branch of the dungeon, and saw 6 of its levels.

You collected 432 gold pieces.

Inventory:

Hand Weapons
 s - a +2 dagger of electrocution
 K - a +2 long sword of protection (weapon)
Missiles
 b - 3 curare-tipped darts (quivered)
 n - 134 stones
 H - 121 arrows
Armour
 e - a +0 robe
 j - a +0 pair of boots (worn)
 r - a +0 helmet (worn)
 u - a +2 leather armour of magic resistance (worn)
Jewellery
 x - a ring of protection from magic (left hand)
 J - a ring of protection from magic (right hand)
Wands
 l - a wand of polymorph (10)
Scrolls
 c - 2 scrolls of teleportation {unknown}
 g - 2 scrolls of enchant armour {unknown}
 o - 2 scrolls of fog {unknown}
 q - 2 scrolls of fear {unknown}
 t - 5 scrolls of remove curse {unknown}
 v - 2 scrolls of noise {unknown}
 w - a scroll of amnesia {unknown}
 y - a scroll of magic mapping {unknown}
 B - a scroll of immolation {unknown}
 C - 4 scrolls of enchant weapon {unknown}
 E - a scroll of blinking {unknown}
 G - 2 scrolls of identify {unknown}
 I - 2 scrolls of random uselessness {unknown}
Potions
 d - a potion of mutation {unknown}
 h - 2 potions of degeneration
 i - a potion of brilliance {unknown}
 k - 2 potions of flight {unknown}
 m - a potion of cancellation {unknown}
 p - 2 potions of heal wounds {unknown}
 z - a potion of agility {unknown}
 A - a potion of lignification {unknown}
 D - 2 potions of resistance {unknown}
 F - a potion of ambrosia {unknown}
Comestibles
 f - 11 rations


   Skills:
 + Level 2.9(0.0) Fighting
 + Level 2.9(0.0) Short Blades
 + Level 2.9(0.0) Long Blades
 + Level 2.9(0.0) Axes
 + Level 2.9(0.0) Maces & Flails
 + Level 2.9(0.0) Polearms
 + Level 2.9(0.0) Staves
 + Level 2.9(0.0) Slings
 + Level 2.9(0.0) Bows
 + Level 2.9(0.0) Crossbows
 + Level 3.9(0.5) Throwing
 + Level 2.9(0.0) Armour
 + Level 2.9(0.0) Dodging
 + Level 2.9(0.0) Stealth
 + Level 3.9(0.5) Shields
 + Level 2.9(0.0) Unarmed Combat
 + Level 5.8(2.1) Spellcasting
 + Level 2.3(0.0) Conjurations
 + Level 3.2(0.0) Hexes
 + Level 2.3(0.0) Charms
 + Level 2.3(0.0) Summonings
 + Level 2.3(0.0) Necromancy
 + Level 7.5(3.7) Translocations
 + Level 2.3(0.0) Transmutations
 + Level 2.3(0.0) Fire Magic
 + Level 2.3(0.0) Ice Magic
 + Level 3.2(0.0) Air Magic
 + Level 2.3(0.0) Earth Magic
 + Level 2.3(0.0) Poison Magic
 + Level 3.2(0.0) Invocations
 + Level 2.9(0.0) Evocations


You had 13 spell levels left.
You knew the following spells:

 Your Spells              Type           Power        Failure   Level  Hunger
a - Sandblast             Erth           #.....       36%         1    ##.....
b - Passwall              Tmut/Erth      #.......     50%         2    ###....
c - Sticks to Snakes      Tmut           #.......     50%         2    ###....

Your spell library contained the following spells:

 Spells                   Type           Power        Failure   Level  Hunger
 Stone Arrow              Conj/Erth      #.....       73%         3    ####...


Dungeon Overview and Level Annotations

Branches:
Dungeon (6/15)
 Temple: D:4-7

Altars:
Elyvilon
Nemelex Xobeh
Wu Jian

Annotations:
D:6 2 runed translucent doors, TerjeT's ghost, novice DrAE


Innate Abilities, Weirdness & Mutations

Your experience applies equally to all skills.
You have very sharp teeth.
Your uncanny sense of smell can sniff out nearby items.


Message History

Your weapon exudes an aura of protection.
Something hits you but does no damage.
You feel drained.
You miss something. Something hits you but does no damage.
You feel drained. Something hits you but does no damage.
You feel drained.
You closely miss something. Something hits you.
* * * LOW HITPOINT WARNING * * *
You feel drained.
* * * LOW HITPOINT WARNING * * *
All of the chunks of flesh in your inventory have rotted away.
You closely miss something. Something hits you.
* * * LOW HITPOINT WARNING * * *
You feel drained. Something hits you.
* * * LOW HITPOINT WARNING * * *
You feel drained.
You closely miss something. Your bite misses something.
You hear some strange, mumbled words.
A puff of frost appears from out of thin air!
The puff of frost hits you!
You die...
Your body glows slightly and disappears.

#..#.# ### #.##
#..#.######.######.##
####..#.......#.........
#.....########.######.##
#.....#........)..# #.#
#...#.#.#########.# #.#
##.##.#.# #####[###.#
#.##.#{# #.........#
#.##.#@# ##.###.#####
#.##.#.# ##...##.#
#.##.#.# #...#.#.#
#....#.# #..#.##.#
#.####.# #.#.###.# #.#
#.# #.#####.# #.#
#.###.###...###### #.#
#.............(...
#.####.....###...#####.


There were no monsters in sight!

Vanquished Creatures
  An ogre (D:5)
  2 centaurs
  2 bullfrogs
  3 jellies
  A howler monkey (D:4)
  A centaur zombie (D:6)
  A crimson imp (D:6)
  A bullfrog skeleton (D:5)
  A centaur skeleton (D:4)
  An iguana (D:5)
  An orc wizard (D:5)
  4 gnolls (D:3)
  7 adders
  A shadow imp (D:5)
  2 oozes
  A worm (D:2)
  2 dart slugs
  A leopard gecko (D:2)
  10 orcs (D:5)
  2 giant cockroaches
  A hobgoblin (D:2)
  3 jackals (D:5)
  8 kobolds
  2 quokkas
  12 bats
  4 frilled lizards
  12 goblins
  A leopard gecko skeleton (D:4)
  7 rats
95 creatures vanquished.

Vanquished Creatures (collateral kills)
  A scorpion (D:5)
  An adder skeleton (D:4)
  A worm (D:5)
  3 jackals (D:4)
  A quokka (D:4)
7 creatures vanquished.

Vanquished Creatures (others)
  A worm (D:5)
  2 orcs
  A giant cockroach (D:5)
  2 toadstools (D:3)
6 creatures vanquished.

Grand Total: 108 creatures vanquished

Notes
Turn   | Place    | Note
-------+----------+-------------------------------------------
     0 | D:1      | GrandHerb the Gnoll Wanderer began the quest for the Orb.
     0 | D:1      | GrandHerb set off with the following items: a +2 dagger, 3
                  | curare-tipped darts, a +0 robe, a ration; and the following
                  | spell memorised: Sandblast; and the following spells
                  | available to memorise: Passwall, Sticks to Snakes, Stone
                  | Arrow
     0 | D:1      | Reached XP level 1. HP: 13/13 MP: 6/6
   356 | D:1      | Reached XP level 2. HP: 19/19 MP: 7/7
  1233 | D:2      | Reached XP level 3. HP: 25/25 MP: 9/9
  1245 | D:2      | Reached skill level 5 in Spellcasting
  1341 | D:2      | Reached skill level 1 in Invocations
  1542 | D:2      | Found a sparkling altar of Nemelex Xobeh.
  1569 | D:2      | Became a worshipper of Nemelex Xobeh the Trickster
  1667 | D:3      | Reached skill level 1 in Fighting
  1667 | D:3      | Reached skill level 1 in Short Blades
  1667 | D:3      | Reached skill level 1 in Long Blades
  1667 | D:3      | Reached skill level 1 in Axes
  1667 | D:3      | Reached skill level 1 in Maces & Flails
  1667 | D:3      | Reached skill level 1 in Polearms
  1667 | D:3      | Reached skill level 1 in Staves
  1667 | D:3      | Reached skill level 1 in Slings
  1667 | D:3      | Reached skill level 1 in Bows
  1667 | D:3      | Reached skill level 1 in Crossbows
  1667 | D:3      | Reached skill level 1 in Armour
  1667 | D:3      | Reached skill level 1 in Dodging
  1667 | D:3      | Reached skill level 1 in Stealth
  1667 | D:3      | Reached skill level 1 in Unarmed Combat
  1667 | D:3      | Reached skill level 1 in Evocations
  1688 | D:3      | Received a gift from Nemelex Xobeh
  1694 | D:3      | Reached XP level 4. HP: 29/32 MP: 11/11
  1778 | D:3      | Found an ornate altar of the Wu Jian Council.
  1817 | D:3      | Reached skill level 1 in Conjurations
  1817 | D:3      | Reached skill level 1 in Charms
  1817 | D:3      | Reached skill level 1 in Summonings
  1817 | D:3      | Reached skill level 1 in Necromancy
  1817 | D:3      | Reached skill level 1 in Transmutations
  1817 | D:3      | Reached skill level 1 in Fire Magic
  1817 | D:3      | Reached skill level 1 in Ice Magic
  1817 | D:3      | Reached skill level 1 in Earth Magic
  1817 | D:3      | Reached skill level 1 in Poison Magic
  1826 | D:3      | Reached XP level 5. HP: 13/37 MP: 12/12
  2346 | D:3      | Reached XP level 6. HP: 43/44 MP: 13/13
  2661 | D:3      | Found a white marble altar of Elyvilon.
  2863 | D:4      | Reached * piety under Nemelex Xobeh
  2899 | D:4      | Noticed a hellwing
  3067 | D:4      | Received a gift from Nemelex Xobeh
  3224 | D:4      | Learned a level 2 spell: Passwall
  3227 | D:4      | Learned a level 2 spell: Sticks to Snakes
  3469 | D:4      | Received a gift from Nemelex Xobeh
  3877 | D:5      | Entered Level 5 of the Dungeon
  4233 | D:5      | Reached XP level 7. HP: 50/50 MP: 15/15
  4316 | D:5      | Reached ** piety under Nemelex Xobeh
  4718 | D:6      | Found a runed translucent door.
  4718 | D:6      | Noticed TerjeT's ghost (novice DrAE)
  4742 | D:6      | Reached XP level 8. HP: 44/57 MP: 16/16
  4842 | D:6      | Found a runed translucent door.
  4935 | D:6      | Noticed a wyvern
  4935 | D:6      | Noticed a wyvern
  4969 | D:5      | HP: 2/57 [something (1)]
  4970 | D:5      | Killed from afar by an orc wizard

Levels and vault maps discovered:
D:1:      matt_arrival_grand_opening, layout_loops_corners
D:2:      layout_rooms, old_standard_altar, minivault_24, grunt_decor_cap
D:3:      layout_basic, lemuel_coloured_pillars_altar, lemuel_doored_altar,
          first_ration, minmay_gold_behind_fungi, kennysheep_generic_room_3
D:4:      layout_gridville
D:5:      layout_loops_ring, amethyst_killhole
D:6:      layout_basic, gup_sewer_entry_spiral, ebering_ghost_sewer_f,
          fedhas_altar_fruit_tree

Skill      XL: |  1  2  3  4  5  6  7 |
---------------+----------------------+-----
Hexes          | 2 3 |  3.2
Air Magic      | 2 3 |  3.2
Spellcasting   | 5 |  5.8
Invocations    | 1 2 3 |  3.2
Fighting       | 1 2 |  2.9
Short Blades   | 1 2 |  2.9
Long Blades    | 1 2 |  2.9
Axes           | 1 2 |  2.9
Maces & Flails | 1 2 |  2.9
Polearms       | 1 2 |  2.9
Staves         | 1 2 |  2.9
Slings         | 1 2 |  2.9
Bows           | 1 2 |  2.9
Crossbows      | 1 2 |  2.9
Armour         | 1 2 |  2.9
Dodging        | 1 2 |  2.9
Stealth        | 1 2 |  2.9
Unarmed Combat | 1 2 |  2.9
Evocations     | 1 2 |  2.9
Conjurations   | 1 2 |  2.3
Charms         | 1 2 |  2.3
Summonings     | 1 2 |  2.3
Necromancy     | 1 2 |  2.3
Transmutations | 1 2 |  2.3
Fire Magic     | 1 2 |  2.3
Ice Magic      | 1 2 |  2.3
Earth Magic    | 1 2 |  2.3
Poison Magic   | 1 2 |  2.3
Throwing       | 3 |  3.9
Shields        | 3 |  3.9
Translocations | |  7.5

Action                   |  1- 3 |  4- 6 |  7- 9 || total
-------------------------+-------+-------+-------++-------
Melee: Dagger            |   102 |    78 |    34 ||   214
       Bite              |    10 |     8 |     6 ||    24
       Long sword        |       |       |    27 ||    27
       Punch             |       |       |     1 ||     1
 Cast: Sandblast         |       |     7 |     3 ||    10
       Sticks to Snakes  |       |     2 |       ||     2
 Abil: Draw Destruction  |       |    10 |    10 ||    20
       Draw Escape       |       |     3 |       ||     3
       Draw Summoning    |       |     2 |     1 ||     3
  Use: Potion            |       |       |     1 ||     1
 Stab: Sleeping          |     2 |     3 |     1 ||     6
       Distracted        |       |     1 |       ||     1
       Petrified         |       |       |     1 ||     1
  Eat: Chunk             |     2 |     5 |     2 ||     9
       Ration            |       |     1 |       ||     1
Armor: Robe              |    13 |       |       ||    13
       Leather armour    |    41 |    43 |    28 ||   112
Dodge: Dodged            |    54 |    44 |    17 ||   115

Table legend:
 A = Non-vault XP
 B = Vault XP
 C = Vault XP percentage of total XP
 D = Non-vault monster count
 E = Vault monster count
 F = Vault count percentage of total count
                 A         B        C        D         E       F
            +---------+---------+-------+---------+---------+-------
      Total |    1341 |       1 |   0.1 |     105 |       1 |   0.9
            +---------+---------+-------+---------+---------+-------
        D:1 |      25 |       0 |   0.0 |      15 |       0 |   0.0
        D:2 |      47 |       0 |   0.0 |      20 |       0 |   0.0
        D:3 |     263 |       1 |   0.4 |      26 |       1 |   3.7
        D:4 |     187 |       0 |   0.0 |      11 |       0 |   0.0
        D:5 |     532 |       0 |   0.0 |      29 |       0 |   0.0
        D:6 |     287 |       0 |   0.0 |       4 |       0 |   0.0
            +---------+---------+-------+---------+---------+-------
